 Dungeon Crawl Stone Soup version 0.30-a0-956-gcec3b41aec (webtiles) character file.

Game seed: 13831891121954831690

339 qeuew the Chopper (level 6, 0/48 HPs)
             Began as a Demonspawn Chaos Knight on Mar 29, 2023.
             Was a Plaything of Xom.
             Slain by an iguana (9 damage)
             ... on level 4 of the Dungeon.
             The game lasted 00:03:23 (2069 turns).

qeuew the Chopper (Demonspawn Chaos Knight)         Turns: 2069, Time: 00:03:24

Health: 0/48       AC:  7    Str: 20      XL:     6   Next: 29%
Magic:  6/6        EV: 11    Int: 13      God:    Xom [....*.]
Gold:   193        SH:  4    Dex:  8 (13) Spells: 5/5 levels left

rFire   + . .      SeeInvis .    a - +0 hand axe (chaos)
rCold   . . .      Faith    .    (no shield)
rNeg    . . .      Spirit   .    b - +2 leather armour
rPois   .          Reflect  .    (no helmet)
rElec   .          Rampage  .    (no cloak)
rCorr   .                        (no gloves)
Will    .....                    (no boots)
Stlth   +                        h - amulet of regeneration
HPRegen 1.08/turn                i - ring of protection from fire
MPRegen 0.10/turn                m - +6 ring of strength

@: no status effects
A: claws 2, yellow scales 1, condensation shield
a: Renounce Religion


You were on level 4 of the Dungeon.
You worshipped Xom.
You were a beloved toy of Xom.
You visited 1 branch of the dungeon, and saw 4 of its levels.

You collected 193 gold pieces.

Inventory:

Hand Weapons
 a - a +0 hand axe of chaos (weapon)
Armour
 b - a +2 leather armour (worn)
Jewellery
 h - an amulet of regeneration (around neck)
 i - a ring of protection from fire (left claw)
 m - a +6 ring of strength (right claw)
Wands
 e - a wand of mindburst (14) (quivered)
Scrolls
 f - a scroll of magic mapping
 g - a scroll of enchant weapon
 j - 3 scrolls of teleportation
 l - a scroll of poison {unknown}
 n - a scroll of amnesia {unknown}
 o - a scroll of identify
Potions
 d - a potion of curing
 k - a potion of cancellation
Miscellaneous
 c - a piece from Xom's chessboard (15/15)


   Skills:
 + Level 3.8 Fighting
 * Level 4.1 Axes
 * Level 3.7 Armour
 + Level 2.1 Dodging
 + Level 1.9 Evocations


You had 5 spell levels left.
You didn't know any spells.
Your spell library was empty.

Dungeon Overview and Level Annotations

Branches:
Dungeon (4/15)
 Temple: D:4-7

Altars:

Shops:
D:4 !


Innate Abilities, Weirdness & Mutations

You have very sharp fingernails.
You are partially covered in yellow scales. (AC +2)
A meltable shield of frost defends you. (SH +4)


Message History

You are too injured to fight recklessly!
You are too injured to fight recklessly!
You are too injured to fight recklessly!
You are too injured to fight recklessly!
You are too injured to fight recklessly!
You are too injured to fight recklessly!
You are too injured to fight recklessly!
You are too injured to fight recklessly!
You are too injured to fight recklessly!
You are too injured to fight recklessly!
You are too injured to fight recklessly!
You are too injured to fight recklessly!
You are too injured to fight recklessly!
You are too injured to fight recklessly!
You are too injured to fight recklessly!
You are too injured to fight recklessly!
Unknown command.
You are too injured to fight recklessly!
You completely miss the gnoll. Your claw misses the gnoll.
The gnoll is heavily wounded.
You barely miss the gnoll. You hit the gnoll. The gnoll barely misses you.
The gnoll hits you with a +0 spear!
* * * LOW HITPOINT WARNING * * *
You block the gnoll's attack.
Unknown command.
You hit the gnoll.
The gnoll is poisoned.
The gnoll is severely wounded.
You hit the gnoll.
You kill the gnoll!
You hit the gnoll.
The gnoll is poisoned.
The gnoll hits you with a +0 spear.
* * * LOW HITPOINT WARNING * * *
The gnoll barely misses you.
You hit the gnoll.
You kill the gnoll!
You barely miss the iguana. You hit the gnoll.
You kill the gnoll!
The iguana closely misses you.
Unknown command.
You barely miss the iguana. The iguana bites you!
You die...

#.# # #.# ##. #### #.#
... ...#####.#####
###.## #...##.......#
#.....##....#....##<####
.......#..?.#....#.....#
......l#....#......###..
..._..)@....#...#### ###
......)#....#...####+###
.......#...###..#≈≈≈)≈≈≈
#.....##..## #..#≈~≈≈≈~~
###.####.## #..#..~....
........#####..#.......
..#.#...........#)).....
.##.#.###.......#.......
........#...##..........


You could see an iguana.

Vanquished Creatures
  A phantom (D:3)
  A gnoll sergeant (D:4)
  A jelly (D:4)
  8 gnolls (D:4)
  2 adders (D:2)
  A worm (D:2)
  2 dart slugs (D:1)
  3 orcs
  3 ball pythons
  4 endoplasms
  2 giant cockroaches
  11 goblins
  13 hobgoblins
  3 jackals (D:1)
  2 quokkas
  5 bats
  3 frilled lizards
  6 kobolds
  4 rats
75 creatures vanquished.

Vanquished Creatures (others)
  3 plants (D:1)
3 creatures vanquished.

Grand Total: 78 creatures vanquished

Notes
Turn   | Place    | Note
-------+----------+-------------------------------------------
     0 | D:1      | qeuew the Demonspawn Chaos Knight began the quest for the
                  | Orb.
     0 | D:1      | Reached XP level 1. HP: 18/18 MP: 1/1
    28 | D:1      | XOM: potion effect (brilliance)
    32 | D:1      | Reached skill level 1 in Dodging
   117 | D:1      | XOM: smoke on damage
   120 | D:1      | Gained mutation: You are partially covered in yellow
                  | scales. (AC +2) [demonic ancestry]
   120 | D:1      | Reached XP level 2. HP: 24/24 MP: 2/2
   225 | D:1      | Reached skill level 3 in Axes
   288 | D:1      | Reached XP level 3. HP: 28/29 MP: 3/3
   626 | D:2      | XOM: cast spell 'Cause Fear'
   771 | D:2      | XOM: silly message
   968 | D:2      | Found a faded altar of an unknown god.
   973 | D:2      | XOM: cloud trail
   974 | D:2      | Reached skill level 1 in Evocations
  1019 | D:2      | Gained mutation: You have sharp fingernails. [demonic
                  | ancestry]
  1019 | D:2      | Reached XP level 4. HP: 33/35 MP: 4/4
  1329 | D:3      | XOM: silly message
  1398 | D:3      | Noticed a phantom
  1408 | D:3      | Killed a phantom
  1409 | D:3      | Gained mutation: You have very sharp fingernails. [demonic
                  | ancestry]
  1409 | D:3      | Reached XP level 5. HP: 38/41 MP: 5/5
  1807 | D:3      | XOM: silly message
  1816 | D:4      | XOM: divination: detect creatures
  1858 | D:4      | XOM: confuse monster(s)
  1862 | D:4      | Reached skill level 4 in Axes
  1862 | D:4      | Gained mutation: A meltable shield of frost defends you.
                  | (SH +4) [demonic ancestry]
  1862 | D:4      | Reached XP level 6. HP: 20/48 MP: 6/6
  1866 | D:4      | XOM: summons 4 hostile demons
  1874 | D:4      | XOM: butterfly on damage
  1946 | D:4      | Found Xewkieth's Distillery.
  2069 | D:4      | Slain by an iguana

Illustrated notes

Levels and vault maps discovered:
D:1:      noname_arrival_rooms_in_the_neighbourhood, layout_basic,
          serial_bayou_ford_a
D:2:      layout_basic, hellmonk_ecumenical_altar_blasted, serial_shops,
          nicolae_diamond_shop, minmay_stone_trees_large, minmay_circle_x
D:3:      layout_loops_cross
D:4:      layout_loops_cross, mainiacjoe_overflow_concentric_impassable,
          old_standard_altar, serial_shops, kennysheep_little_box,
          minmay_goblin_outpost

Skill      XL: |  1  2  3  4  5 |
---------------+----------------+-----
Dodging        | 1 2 |  2.1
Armour         | 2 3 |  3.7
Axes           | 3 4 |  4.1
Evocations     | 1 |  1.9
Fighting       | |  3.8

Action                     |  1- 3 |  4- 6 || total
---------------------------+-------+-------++-------
  Melee: Hand axe          |   137 |    97 ||   234
         Punch             |     2 |     3 ||     5
  Evoke: Wand              |       |     3 ||     3
    Use: Scroll            |     3 |     4 ||     7
         Potion            |     1 |     2 ||     3
   Stab: Paralysed         |     1 |       ||     1
         Confused          |       |     3 ||     3
 Armour: Leather armour    |    56 |    70 ||   126
  Dodge: Dodged            |    75 |   116 ||   191
  Block: Other             |       |    25 ||    25

Table legend: (Time is in decaauts)
 A = Elapsed time spent in this place.
 B = Non-inter-level travel time spent in this place.
 C = Inter-level travel time spent in this place.
 D = Time resting spent in this place.
 E = Time spent auto-exploring this place.
 F = Levels seen in this place.
 G = Mean time per level.
                   A        B        C        D        E       F      G
               +--------+--------+--------+--------+--------+-----+--------+
         Total |   2110 |   2036 |     74 |      0 |   1498 |   4 |  527.5 |
       Dungeon |   2110 |   2036 |     74 |      0 |   1498 |   4 |  527.5 |
               +--------+--------+--------+--------+--------+-----+--------+

Top non-repeatable levels by time:
     D:2: 728 daAuts
     D:3: 611 daAuts
     D:1: 506 daAuts
     D:4: 263 daAuts
